 Dungeon Crawl Stone Soup version 0.23-a0-404-g0063841 (webtiles) character file.

201 Benis312 the Magician (level 5, 0/40 HPs)
             Began as a Draconian Transmuter on Nov 5, 2018.
             Was a Follower of Nemelex Xobeh.
             Killed by divine providence
             ... invoked by an orc priest
              (13 damage)
             ... on level 4 of the Dungeon.
             The game lasted 00:18:46 (2750 turns).

Benis312 the Magician (Draconian Transmuter)        Turns: 2750, Time: 00:18:46

Health: 0/40       AC:  3    Str: 10 (12) XL:     5   Next: 50%
Magic:  7/10       EV: 12    Int: 12 (14) God:    Nemelex Xobeh [*.....]
Gold:   176        SH:  0    Dex: 11 (12) Spells: 5/11 levels left

rFire    . . .     SeeInvis +     - Unarmed
rCold    . . .     Gourm    .   (no shield)
rNeg     . . .     Faith    .   (armour unavailable)
rPois    .         Spirit   .   (helmet restricted)
rElec    .         Reflect  .   (no cloak)
rCorr    .         Harm     .   h - +0 pair of gloves
MR       .....                  k - +0 pair of boots
Stlth    +.........             (no amulet)
HPRegen  0.13/turn              b - ring of see invisible
MPRegen  0.12/turn              m - -4 ring of protection (curse)

@: no status effects
A: unfitting armour, cold-blooded, AC +5
a: Renounce Religion


You were on level 4 of the Dungeon.
You worshipped Nemelex Xobeh.
Nemelex Xobeh was aware of your devotion.
You were not hungry.

You visited 1 branch of the dungeon, and saw 4 of its levels.

You collected 176 gold pieces.

Inventory:

Hand Weapons
 g - a cursed -1 dagger
Missiles
 a - 23 arrows
Armour
 h - a +0 pair of gloves (worn)
 k - a +0 pair of boots (worn)
Jewellery
 b - a ring of see invisible (left hand)
 m - a cursed -4 ring of protection (right hand)
Scrolls
 e - a scroll of identify
Potions
 i - 2 potions of lignification
Comestibles
 c - 5 rations


   Skills:
 + Level 1.1 Fighting
 + Level 2.5 Dodging
 + Level 0.2 Stealth
 + Level 3.7 Unarmed Combat
 + Level 3.9 Spellcasting
 + Level 3.1 Transmutations
 + Level 0.2 Poison Magic


You had 5 spell levels left.
You knew the following spells:

 Your Spells              Type           Power        Failure   Level  Hunger
a - Beastly Appendage     Tmut           #.....       6%          1    #......
b - Sticks to Snakes      Tmut           #.......     10%         2    ##.....
c - Spider Form           Tmut/Pois      #.........   32%         3    ###....

Your spell library contained the following spells:

 Spells                   Type           Power        Failure   Level  Hunger
 Ice Form                 Ice/Tmut       #.......     75%         4    #####..
 Blade Hands              Tmut           #.........   86%         5    ######.


Dungeon Overview and Level Annotations

Branches:
Dungeon (4/15)
 Temple: D:4-7

Altars:
Nemelex Xobeh

Annotations:
D:4 Eustachio


Innate Abilities, Weirdness & Mutations

Your plain brown scales are hard. (AC +5)
You cannot fit into any form of body armour.
You are cold-blooded and may be slowed by cold attacks.


Message History

a rat corpse; a leopard gecko corpse Eustachio casts a spell.
Eustachio blinks!
Things that are here:
a rat corpse; a worker ant corpse An orc priest comes into view.
It is wielding a -1 hand axe.
The orc priest shouts!
The orc priest moves out of view.
Things that are here:
a rat corpse; a leopard gecko corpse
Things that are here:
a +0 flail; an orc corpse
Found 3 large rocks.
You see here an adder corpse.
You see here a +0 trident.
The orc priest casts a cantrip, but nothing happens.
The orc priest invokes the aid of Beogh against you.
Beogh smites you!
You die...
Your body disappears without a glow.

. .. ....(
.....
.8.8.######## .
.....=..#... ..
###.###.#.##
##.###......(<#
....o.....@#.##
#.#..†)..#.#
#....)...#.#
####..††...#.#
........†#....#
(...........###
.....#..###.#
.....#..# #...
.### ..>!
.....#


You could see an orc priest.

Vanquished Creatures
  An orc wizard (D:3)
  3 adders (D:3)
  3 worms
  A dart slug (D:3)
  3 leopard geckos
  2 orcs
  7 bats
  A giant cockroach (D:3)
  4 goblins
  8 hobgoblins
  2 quokkas (D:2)
  3 frilled lizards (D:1)
  A kobold (D:2)
  9 rats
48 creatures vanquished.

Vanquished Creatures (collateral kills)
  A scorpion (D:4)
  An orc priest (D:3)
  A worker ant (D:4)
  2 adders
  A worm (D:2)
  A dart slug (D:3)
  2 leopard geckos
  7 orcs
  4 bats
  2 goblins (D:2)
  A hobgoblin (D:1)
  2 frilled lizards
  3 kobolds
  2 rats
30 creatures vanquished.

Grand Total: 78 creatures vanquished

Notes
Turn   | Place    | Note
-------+----------+-------------------------------------------
     0 | D:1      | Benis312 the Draconian Transmuter began the quest for the
                  | Orb.
     0 | D:1      | Reached XP level 1. HP: 16/16 MP: 3/3
   134 | D:1      | Reached XP level 2. HP: 21/23 MP: 3/5
   269 | D:1      | Learned a level 2 spell: Sticks to Snakes
   681 | D:2      | Reached XP level 3. HP: 17/28 MP: 4/6
   747 | D:2      | Learned a level 3 spell: Spider Form
  1536 | D:3      | HP: 1/28 [orc wizard/puff of frost (12)]
  1541 | D:3      | Reached XP level 4. HP: 27/35 MP: 1/8
  1766 | D:3      | Found a sparkling altar of Nemelex Xobeh.
  1781 | D:3      | Became a worshipper of Nemelex Xobeh the Trickster
  2067 | D:3      | Received a gift from Nemelex Xobeh
  2445 | D:3      | Reached XP level 5. HP: 37/40 MP: 0/10
  2685 | D:4      | Reached * piety under Nemelex Xobeh
  2693 | D:4      | HP: 2/40 [orc/+0 trident (9)]
  2738 | D:4      | Noticed Eustachio
  2750 | D:4      | Killed from afar by an orc priest

Vault maps used:
D:1:      nzn_arrival_water_spiral, st_stairs_7
D:2:      minmay_misc_feat_more_columns, minmay_close_crescents
D:3:      nemelex_xobeh_ov_fountains_minmay, first_ration
D:4:      eat_drink_and_be_merry_uskayaw, minmay_temple_entry_enclosed_plants,
          portal_sewer_entry_b, uniq_eustachio

Skill      XL: |  1  2  3  4  5 |
---------------+----------------+-----
Dodging        | 2 |  2.5
Spellcasting   | 3 |  3.9
Transmutations | 3 |  3.1
Fighting       | |  1.1
Stealth        | |  0.2
Unarmed Combat | |  3.7
Poison Magic   | |  0.2

Action                   |  1- 3 |  4- 6 || total
-------------------------+-------+-------++-------
Melee: Unarmed           |    90 |    51 ||   141
       Kick              |     6 |       ||     6
       Tailslap          |     9 |     6 ||    15
       Headbutt          |     4 |    11 ||    15
 Cast: Beastly Appendage |    25 |    11 ||    36
       Sticks to Snakes  |    19 |    17 ||    36
       Spider Form       |       |     2 ||     2
Evoke: Deck              |       |     7 ||     7
  Use: Scroll            |     8 |     1 ||     9
       Potion            |     5 |     4 ||     9
  Eat: Ration            |     1 |     2 ||     3
Armor: Skin              |    40 |    25 ||    65
Dodge: Dodged            |    95 |    47 ||   142

Table legend:
 A = Non-vault XP
 B = Vault XP
 C = Vault XP percentage of total XP
 D = Non-vault monster count
 E = Vault monster count
 F = Vault count percentage of total count
                 A         B        C        D         E       F
            +---------+---------+-------+---------+---------+-------
      Total |     274 |      14 |   4.9 |      69 |       9 |  11.5
            +---------+---------+-------+---------+---------+-------
        D:1 |      28 |       2 |   6.7 |      19 |       2 |   9.5
        D:2 |      35 |       3 |   7.9 |      14 |       2 |  12.5
        D:3 |     142 |       0 |   0.0 |      30 |       0 |   0.0
        D:4 |      69 |       9 |  11.5 |       6 |       5 |  45.5
            +---------+---------+-------+---------+---------+-------
